 Dungeon Crawl Stone Soup version 0.24-a0-201-gf205589 (webtiles) character file.

Game seed: 15969161586267804699

162 Borgoz the Cutter (level 5, -8/32 HPs)
             Began as a Gargoyle Gladiator on Mar 25, 2019.
             Mangled by an ogre
             ... wielding a +0 giant spiked club
              (28 damage)
             ... on level 4 of the Dungeon.
             The game lasted 00:04:42 (2468 turns).

Borgoz the Cutter (Gargoyle Gladiator)              Turns: 2468, Time: 00:04:43

Health: -8/32      AC: 12    Str: 18    XL:     5   Next: 43%
Magic:  15/15      EV: 11    Int:  8    God:
Gold:   217        SH:  0    Dex: 12    Spells: 6/6 levels left

rFire    . . .     SeeInvis .   l - +7 dagger
rCold    . . .     Gourm    .   (no shield)
rNeg     + . .     Faith    .   q - +0 scale mail
rPois    ∞         Spirit   .   c - +0 helmet
rElec    +         Reflect  .   i - -2 cloak (curse)
rCorr    .         Harm     .   e - +0 pair of gloves
MR       .....                  o - +0 pair of boots
Stlth    ..........             h - amulet of the acrobat
HPRegen  0.10/turn              r - ring of magical power
MPRegen  0.14/turn              (no ring)

@: no status effects
A: negative energy resistance 1, electricity resistance, unbreathing,
petrification resistance, rot immunity, AC +4
a: no special abilities


You were on level 4 of the Dungeon.
You were not hungry.

You visited 1 branch of the dungeon, and saw 4 of its levels.

You collected 217 gold pieces.

Inventory:

Hand Weapons
 a - a +0 rapier
 j - a +2 dagger of speed
 l - a +7 dagger (weapon)
Missiles
 d - 3 throwing nets (quivered)
Armour
 c - a +0 helmet (worn)
 e - a +0 pair of gloves (worn)
 i - a cursed -2 cloak (worn)
 o - a +0 pair of boots (worn)
 q - a +0 scale mail (worn)
Jewellery
 h - an amulet of the acrobat (around neck)
 r - a ring of magical power (left hand)
Wands
 p - a wand of enslavement (8)
Scrolls
 b - a scroll of amnesia {unknown}
 g - 2 scrolls of remove curse
 t - a scroll of fog
Potions
 k - 3 potions of curing {unknown}
 m - a potion of haste
 s - 3 potions of heal wounds {unknown}
Comestibles
 f - 6 rations
 n - a chunk of flesh


   Skills:
 + Level 2.9 Fighting
 * Level 3.4 Short Blades
 - Level 2.1 Throwing
 + Level 1.6 Armour
 * Level 3.1 Dodging
 + Level 1.6 Stealth
 - Level 1.2 Spellcasting
 + Level 0.0 Evocations


You had 6 spell levels left.
You didn't know any spells.
Your spell library was empty.

Dungeon Overview and Level Annotations

Branches:
Dungeon (4/15)
 Temple: D:4-7

Altars:
Okawaru
Sif Muna
Yredelemnul


Innate Abilities, Weirdness & Mutations

You are resistant to torment.
Your stone body is resilient. (AC +4)
You are immune to poison.
You resist negative energy. (rN+)
You are resistant to electric shocks. (rElec)
You can survive without breathing.
You are immune to petrification.
You are immune to rotting.


Message History

An ogre comes into view. It is wielding a +0 giant spiked club.
An ogre is nearby!
The ogre completely misses you.
You puncture the ogre!
The ogre is moderately wounded.
Evoke which item? (* to show all) (? for menu, Esc to quit)
Okay, then.
You barely miss the ogre.
The ogre is moderately wounded.
The ogre barely misses you.
You hit the ogre.
The ogre is moderately wounded.
The ogre hits you with a +0 giant spiked club!
You puncture the ogre!
The ogre is severely wounded.
You hit the ogre.
The ogre is almost dead.
The ogre hits you with a +0 giant spiked club!!
Ouch! That really hurt!
You die...

#############
#...........#
.#####.###.#
#.###.###########
#................
#.###.###########
##.#####.#
#........
#.....O@.#
########.
..#...#### #.####
#...# #[.... ##.
######


You could see an ogre.

Vanquished Creatures
  Robin (D:2)
  4 adders
  3 gnolls (D:2)
  A worm (D:2)
  2 dart slugs
  3 leopard geckos
  An orc (D:2)
  4 giant cockroaches
  10 hobgoblins
  9 jackals
  9 kobolds
  A quokka (D:2)
  5 bats
  4 frilled lizards
  9 goblins
  7 rats
  A spectral orc (D:2)
74 creatures vanquished.

Notes
Turn   | Place    | Note
-------+----------+-------------------------------------------
     0 | D:1      | Borgoz the Gargoyle Gladiator began the quest for the Orb.
     0 | D:1      | Reached XP level 1. HP: 12/12 MP: 1/1
   184 | D:1      | Reached XP level 2. HP: 16/17 MP: 2/2
   620 | D:2      | Found a deep blue altar of Sif Muna.
   620 | D:2      | Noticed Robin
   651 | D:1      | Reached XP level 3. HP: 10/22 MP: 3/3
   850 | D:2      | Killed Robin
   864 | D:2      | Reached skill level 1 in Armour
   999 | D:2      | Reached skill level 1 in Stealth
   999 | D:2      | Reached XP level 4. HP: 27/27 MP: 5/5
  1127 | D:2      | Found a basalt altar of Yredelemnul.
  1432 | D:2      | Reached skill level 1 in Spellcasting
  1491 | D:2      | Found an iron altar of Okawaru.
  1516 | D:2      | Reached XP level 5. HP: 13/32 MP: 6/6
  2462 | D:4      | Noticed an ogre
  2468 | D:4      | Mangled by an ogre

Levels and vault maps discovered:
D:1:      minmay_arrival_four_circles, layout_basic
D:2:      layout_basic, yredelemnul_forgotten_temple_becter,
          nicolae_overflow_hidden_temple, lemuel_round_altar,
          okawaru_altar_gauntlet_db, first_ration, corexii_hall_statues_x,
          uniq_robin
D:3:      layout_loops_ring, minmay_fractal_squares_gapless_5
D:4:      layout_loops_ring, kennysheep_mini_moat,
          nicolae_dithmenos_through_a_glass_darkly, serial_bayou_lagoon_b

Skill      XL: |  1  2  3  4 |
---------------+-------------+-----
Short Blades   | 3 |  3.4
Throwing       | 2 |  2.1
Armour         | 1 |  1.6
Stealth        | 1 |  1.6
Spellcasting   | 1 |  1.2
Dodging        | 3 |  3.1
Fighting       | |  2.9

Action                   |  1- 3 |  4- 6 || total
-------------------------+-------+-------++-------
Melee: Rapier            |    26 |       ||    26
       Dagger            |    70 |   107 ||   177
  Use: Scroll            |     5 |     5 ||    10
  Eat: Chunk             |       |     5 ||     5
Armor: Leather armour    |    44 |    23 ||    67
       Scale mail        |       |     9 ||     9
Dodge: Dodged            |    50 |    70 ||   120

Table legend:
 A = Non-vault XP
 B = Vault XP
 C = Vault XP percentage of total XP
 D = Non-vault monster count
 E = Vault monster count
 F = Vault count percentage of total count
                 A         B        C        D         E       F
            +---------+---------+-------+---------+---------+-------
      Total |     140 |      92 |  39.7 |      52 |      22 |  29.7
            +---------+---------+-------+---------+---------+-------
        D:1 |      20 |       9 |  31.0 |      12 |       5 |  29.4
        D:2 |      69 |      77 |  52.7 |      23 |      14 |  37.8
        D:3 |      49 |       6 |  10.9 |      16 |       3 |  15.8
        D:4 |       2 |       0 |   0.0 |       1 |       0 |   0.0
            +---------+---------+-------+---------+---------+-------
